 Dungeon Crawl Stone Soup version 0.25-a0-733-gf7d8cd8a05 (webtiles) character file.

Game seed: 11533166682876445395, levelgen mode: deterministic

301 kae the Ruffian (level 6, 0/47 HPs)
             Began as a Draconian Transmuter on Apr 9, 2020.
             Slain by an orc
             ... wielding a +0 short sword
              (5 damage)
             ... on level 4 of the Dungeon.
             The game lasted 00:02:10 (2307 turns).

kae the Ruffian (Draconian Transmuter)              Turns: 2307, Time: 00:02:11

Health: 0/47       AC:  6    Str: 15    XL:     6   Next: 14%
Magic:  10/11      EV: 12    Int: 13    God:
Gold:   110        SH:  0    Dex: 11    Spells: 1/11 levels left

rFire    . . .     SeeInvis +     - Unarmed
rCold    . . .     Gourm    .   (no shield)
rNeg     . . .     Faith    .   (armour unavailable)
rPois    .         Spirit   .   (helmet restricted)
rElec    .         Reflect  .   j - scarf {cloud immunity}
rCorr    .         Harm     .   (no gloves)
MR       .....                  (no boots)
Stlth    +.........             e - amulet of regeneration
HPRegen  0.55/turn              b - ring of see invisible
MPRegen  0.12/turn              (no ring)

@: no status effects
A: unfitting armour, cold-blooded, AC +6
a: no special abilities


You were on level 4 of the Dungeon.
You were very hungry.

You visited 1 branch of the dungeon, and saw 4 of its levels.

You collected 110 gold pieces.

Inventory:

Missiles
 a - 23 arrows
Armour
 j - a scarf of cloud immunity (worn)
Jewellery
 b - a ring of see invisible (left hand)
 e - an amulet of regeneration (around neck)
Scrolls
 g - a scroll of remove curse
 h - 3 scrolls of enchant weapon
 l - a scroll of fear {unknown}
 n - 2 scrolls of amnesia {unknown}
 p - a scroll of fog {unknown}
 q - 3 scrolls of teleportation {unknown}
 r - a scroll of enchant armour {unknown}
 s - a scroll of magic mapping {unknown}
Potions
 f - 2 potions of might
 i - a potion of curing
 k - a potion of stabbing {unknown}
 m - a potion of cancellation {unknown}
 o - a potion of lignification {unknown}
Comestibles
 c - 3 rations


   Skills:
 - Level 1.1 Fighting
 - Level 1.7 Dodging
 * Level 5.3 Unarmed Combat
 + Level 3.4 Spellcasting
 + Level 3.6 Transmutations


You had one spell level left.
You knew the following spells:

 Your Spells              Type           Power        Failure   Level  Hunger
a - Beastly Appendage     Tmut           ##....       4%          1    #......
b - Sticks to Snakes      Tmut           ##......     8%          2    ##.....
c - Spider Form           Tmut/Pois      #.........   30%         3    ###....
d - Ice Form              Ice/Tmut       #.......     71%         4    #####..

Your spell library contained the following spells:

 Spells                   Type           Power        Failure   Level  Hunger
 Blade Hands              Tmut           ##........   80%         5    ######.


Dungeon Overview and Level Annotations

Branches:
Dungeon (4/15)
 Temple: D:4-7

Altars:
Qazlal
Ru
Trog


Innate Abilities, Weirdness & Mutations

Your plain brown scales are hard. (AC +6)
You cannot fit into any form of body armour.
You are cold-blooded and may be slowed by cold attacks.


Message History

The orc priest is moderately wounded.
You hit the orc priest.
The orc priest is heavily wounded.
The orc priest misses you.
You closely miss the orc priest.
The orc priest is severely wounded.
You hit the orc priest.
You kill the orc priest!
The orc priest looks braver for a moment.
The orc barely misses you.
You hit the orc.
The orc is heavily wounded.
Your transformation has ended.
Your scarf of cloud immunity unmelds from your body.
You feel immune to the effects of clouds.
The orc priest calls down the wrath of Beogh upon you.
Beogh smites you!
* * * LOW HITPOINT WARNING * * *
The orc hits you with a +0 short sword.
You die...

########## #####
#........###...#######
......................
...........#.#.######
.........###+#.o@o..#
................#o#...#
................#.# ...
........#......##...# .
..#.....#......#..⌠...#
..............##........#
.....#...#.......... .
........##.....%..⌠. .>
........#...........


You could see an orc priest and 2 orcs.

Vanquished Creatures
  An orc priest (D:4)
  Jessica (D:2)
  Natasha (thrice) (D:2)
  An orc wizard (D:3)
  8 adders
  2 worms
  A leopard gecko (D:2)
  7 orcs
  A ball python (D:3)
  3 giant cockroaches
  14 goblins
  4 hobgoblins
  2 jackals (D:1)
  A quokka (D:3)
  8 bats
  4 frilled lizards
  4 kobolds
  4 rats
69 creatures vanquished.

Notes
Turn   | Place    | Note
-------+----------+-------------------------------------------
     0 | D:1      | kae the Draconian Transmuter began the quest for the Orb.
     0 | D:1      | Reached XP level 1. HP: 16/16 MP: 3/3
   307 | D:1      | Reached XP level 2. HP: 23/23 MP: 3/5
   331 | D:1      | Learned a level 2 spell: Sticks to Snakes
   532 | D:2      | Noticed Jessica
   544 | D:2      | Killed Jessica
   544 | D:2      | Reached XP level 3. HP: 23/28 MP: 6/6
   549 | D:2      | Learned a level 3 spell: Spider Form
   603 | D:2      | Noticed Natasha
   664 | D:2      | Killed Natasha
   664 | D:2      | Reached skill level 4 in Unarmed Combat
   677 | D:2      | Reached XP level 4. HP: 8/35 MP: 5/7
   929 | D:2      | Noticed Natasha
   936 | D:2      | Killed Natasha
   945 | D:2      | Noticed Natasha
   955 | D:2      | Killed Natasha
   992 | D:2      | Reached XP level 5. HP: 36/40 MP: 3/9
  1192 | D:2      | Found a bloodstained altar of Trog.
  1573 | D:3      | Learned a level 4 spell: Ice Form
  1602 | D:3      | Found a faded altar of an unknown god.
  1850 | D:3      | Found a sacrificial altar of Ru.
  1865 | D:3      | Reached skill level 5 in Unarmed Combat
  2030 | D:3      | Reached XP level 6. HP: 47/47 MP: 7/11
  2232 | D:4      | Found a stormy altar of Qazlal.
  2307 | D:4      | Slain by an orc

Levels and vault maps discovered:
D:1:      ncdulo_watergridlock, layout_basic
D:2:      layout_basic, bloody_trog, st_stairs_6, uniq_jessica, uniq_natasha
D:3:      layout_loops_ring, nicolae_ru_great_annihilating_truth,
          chequers_ecumenical_altar_island
D:4:      minmay_skewed_foursquare, layout_basic, overflow_temple_1_default,
          minmay_temple_entry_junction

Skill      XL: |  1  2  3  4  5 |
---------------+----------------+-----
Unarmed Combat | 4 5 |  5.3
Transmutations | 3 |  3.6
Spellcasting   | 3 |  3.4
Fighting       | |  1.1
Dodging        | |  1.7

Action                   |  1- 3 |  4- 6 || total
-------------------------+-------+-------++-------
Melee: Unarmed           |    61 |   181 ||   242
       Kick              |     5 |     3 ||     8
       Headbutt          |     2 |     7 ||     9
       Tailslap          |     2 |     6 ||     8
       Punch             |       |     1 ||     1
 Cast: Beastly Appendage |     7 |    18 ||    25
       Spider Form       |     1 |     6 ||     7
  Use: Scroll            |     5 |     1 ||     6
 Stab: Paralysed         |       |     3 ||     3
  Eat: Chunk             |       |     5 ||     5
Armor: Skin              |    21 |    35 ||    56
Dodge: Dodged            |    46 |   119 ||   165

Table legend:
 A = Non-vault XP
 B = Vault XP
 C = Vault XP percentage of total XP
 D = Non-vault monster count
 E = Vault monster count
 F = Vault count percentage of total count
                 A         B        C        D         E       F
            +---------+---------+-------+---------+---------+-------
      Total |     350 |      81 |  18.8 |      62 |       7 |  10.1
            +---------+---------+-------+---------+---------+-------
        D:1 |      17 |       0 |   0.0 |      11 |       0 |   0.0
        D:2 |     170 |      74 |  30.3 |      25 |       3 |  10.7
        D:3 |     116 |       7 |   5.7 |      23 |       4 |  14.8
        D:4 |      47 |       0 |   0.0 |       3 |       0 |   0.0
            +---------+---------+-------+---------+---------+-------
